 Dungeon Crawl Stone Soup version 0.31.0-32-g396128a36d (webtiles) character file.

Game seed: 16756602146896160052

1195 Zeor the Slasher (level 8, -10/58 HPs)
             Began as a Djinni Gladiator on Apr 23, 2024.
             Was a Believer of Wu Jian.
             Mangled by an orc warrior
             ... wielding a +1 heavy battleaxe
              (35 damage)
             ... on level 6 of the Dungeon.
             The game lasted 00:16:47 (5434 turns).

Zeor the Slasher (Djinni Gladiator)                 Turns: 5434, Time: 00:16:47

Health: -10/58     AC:  7    Str: 13    XL:     8   Next: 72%
Gold:   326        EV: 15    Int: 13    God:    Wu Jian [**....] SH:  0 Dex: 20

rFire   + + .        a - +0 long sword
rCold   . . .        k - orb {light}
rNeg    . . .        w - +1 robe {rC+}
rPois   ∞            c - +1 helmet
rElec   .            (no cloak)
rCorr   .            i - +1 pair of gloves
SInv    .            (boots unavailable)
Will    .....        (no amulet)
Stlth   +            q - +6 ring of dexterity
HPRegen 0.29/turn    (no ring)
MPRegen 0.00/turn

%: infuse magic (-11 HP)
@: flying, glowing, studying Stealth
A: sickness immunity, fire resistance 2, cold vulnerability 1, float, innate
caster, HP casting, extra vitality 1
a: Renounce Religion, Wall Jump


You were on level 6 of the Dungeon.
You worshipped Wu Jian.
Wu Jian was pleased with you.
You visited 2 branches of the dungeon, and saw 7 of its levels.

You collected 326 gold pieces.

Inventory:

Hand Weapons
 a - a +0 long sword (weapon)
 b - a +0 long sword
Missiles
 d - 4 throwing nets (quivered)
 e - a javelin
 g - 16 poisoned darts
 l - 5 atropa-tipped darts
 s - 5 silver javelins
Armour
 c - a +1 helmet (worn)
 i - a +1 pair of gloves (worn)
 k - an orb of light (worn)
 w - a +1 robe of cold resistance (worn)
Magical Staves
 v - a staff of fire
Jewellery
 q - a +6 ring of dexterity (left hand)
Wands
 n - a wand of paralysis (6)
Scrolls
 f - a scroll of vulnerability
 o - a scroll of fog
 p - a scroll of poison
 u - a scroll of fear
Potions
 h - a potion of lignification
 m - 2 potions of haste
 r - a potion of cancellation
 t - a potion of mutation
 x - a potion of enlightenment {unknown}


   Skills:
 + Level 3.7 Fighting
 * Level 7.1 Long Blades
 + Level 1.6 Throwing
 + Level 2.5 Armour
 + Level 4.7 Dodging
 + Level 0.8 Stealth
 * Level 2.3 Spellcasting
 * Level 2.3 Conjurations
 * Level 2.3 Hexes
 * Level 2.3 Summonings
 * Level 2.3 Necromancy
 * Level 2.3 Translocations
 * Level 2.3 Fire Magic
 * Level 2.3 Ice Magic
 * Level 2.3 Air Magic
 * Level 2.3 Earth Magic
 * Level 2.3 Alchemy


You knew the following spells:

 Your Spells              Type           Power      Damage    Failure   Level
b - Blink                 Tloc           14%        N/A       14%         2
m - Summon Small Mammal   Summ           28%        N/A       10%         1
s - Momentum Strike       Conj/Tloc      14%        3d8       14%         2
Your spell library was empty.

Dungeon Overview and Level Annotations

Branches:
Dungeon (6/15)             Temple (1/1) D:4

Altars:
Ashenzari
Cheibriados
Dithmenos
Fedhas
Gozag
Hepliaklqana
Makhleb
Okawaru
Qazlal
Ru
Trog
Uskayaw
Wu Jian
Xom
Yredelemnul
Zin
The Shining One

Shops:
D:1 (

Annotations:
D:3 3 runed translucent doors, wanace's ghost, amateur GrFi


Innate Abilities, Weirdness & Mutations

You are immune to sickness and miasma.
You are immune to poison.
Your flesh is very heat resistant. (rF++)
You are vulnerable to cold. (rC-)
You float through the air rather than walking.
You learn spells naturally, not from books.
Your magical power is your life essence.
You have superior vitality. (+4 MHP)


Message History

The Council accepts your kill.
You are unable to move.
You hit the orc warrior but do no damage.
An ice beast comes into view.
You closely miss the orc warrior.
The orc warrior hits you with a +1 heavy battleaxe!
You hit the orc warrior but do no damage.
The orc warrior hits you with a +1 heavy battleaxe!
You hit the orc warrior.
The orc warrior is lightly wounded.
You are no longer robbed of momentum.
The orc warrior closely misses you.
You feel much better.
You hit the orc warrior.
The orc warrior is lightly wounded.
The orc warrior hits you with a +1 heavy battleaxe!!
You hit the orc warrior.
The orc warrior is moderately wounded.
The orc warrior misses you.
You hit the orc warrior.
The orc warrior is heavily wounded.
You barely miss the orc warrior.
The orc warrior is heavily wounded.
The orc warrior barely misses you.
You closely miss the orc warrior.
The orc warrior is heavily wounded.
The orc warrior misses you.
You slash the orc warrior!
The orc warrior is severely wounded.
The orc warrior barely misses you.
You hit the orc warrior but do no damage.
The orc warrior is severely wounded.
You hit the orc warrior.
The orc warrior is almost dead.
The orc warrior completely misses you.
You hit the orc warrior but do no damage.
The orc warrior is almost dead.
The orc warrior hits you with a +1 heavy battleaxe!!
Ouch! That really hurt!
You die... ∙∙∙∙

▒▒∙▒ ▒∙∙▒▒∙∙∙ ∙▒▒)∙∙∙∙▒
∙∙∙∙∙∙∙∙▒ ∙▒▒ ∙∙∙∙∙∙∙∙▒▒
∙∙∙∙∙∙▒∙∙∙∙∙∙∙∙∙▒
∙∙∙∙∙∙∙∙∙∙∙∙∙∙∙▒
∙∙∙∙∙∙∙∙∙▒▒∙∙)o▒▒▒▒
∙∙∙∙∙∙∙∙▒▒∙∙▒▒YoR∙▒ ▒
∙∙∙∙∙∙∙∙∙∙∙▒▒∙∙▒▒∙∙∙∙▒
∙∙∙∙∙∙∙∙∙∙∙∙∙∙▒▒∙∙▒▒∙∙∙∙
∙†∙∙∙∙∙∙∙∙∙∙∙∙∙∙∙▒▒ ▒▒∙
∙∙∙∙∙∙∙∙∙∙∙∙∙▒▒▒∙∙∙∙▒
∙∙∙∙▒▒∙∙∙∙∙∙▒∙∙∙∙▒▒∙∙
∙∙∙▒▒▒▒∙∙∙∙∙∙∙▒▒∙∙
∙∙∙▒∙▒▒∙∙∙∙▒▒∙∙▒
▒∙∙∙∙∙▒∙▒▒∙∙▒▒∙∙∙


You could see an orc warrior, an ice beast and an orc.

Vanquished Creatures
  2 water moccasins
  4 phantoms
  A bombardier beetle (D:5)
  An orc priest (D:6)
  Ijyb (D:3)
  A sleepcap (D:6)
  4 iguanas
  2 orc wizards (D:5)
  Robin (D:4)
  12 adders
  16 gnolls
  3 dart slugs
  3 ribbon worms
  8 orcs
  6 ball pythons
  7 bats
  4 endoplasms
  3 giant cockroaches
  16 goblins
  8 hobgoblins
  7 jackals
  4 quokkas
  2 frilled lizards
  12 kobolds
  5 rats
133 creatures vanquished.

Vanquished Creatures (collateral kills)
  An orc (D:4)
  A goblin (D:3)
2 creatures vanquished.

Vanquished Creatures (others)
  An orc priest (D:4)
1 creature vanquished.

Grand Total: 136 creatures vanquished

Notes
Turn   | Place    | Note
-------+----------+-------------------------------------------
     0 | D:1      | Zeor the Djinni Gladiator began the quest for the Orb.
     0 | D:1      | Reached XP level 1. HP: 18/18 MP: 0/0
   137 | D:1      | Reached XP level 2. HP: 22/23 MP: 0/0
   146 | D:1      | Found Yjij Vig's Antique Weapon Emporium.
   347 | D:1      | Found a faded altar of an unknown god.
   382 | D:1      | Reached skill level 3 in Long Blades
   449 | D:1      | Reached XP level 3. HP: 28/28 MP: 0/0
   449 | D:1      | Learned a level 1 spell: Summon Small Mammal
   897 | D:2      | Reached XP level 4. HP: 29/33 MP: 0/0
  1019 | D:2      | Reached skill level 1 in Armour
  1156 | D:2      | Reached XP level 5. HP: 10/39 MP: 0/0
  1156 | D:2      | Learned a level 2 spell: Blink
  1741 | D:3      | Reached skill level 1 in Spellcasting
  1741 | D:3      | Reached skill level 1 in Conjurations
  1741 | D:3      | Reached skill level 1 in Hexes
  1741 | D:3      | Reached skill level 1 in Summonings
  1741 | D:3      | Reached skill level 1 in Necromancy
  1741 | D:3      | Reached skill level 1 in Translocations
  1741 | D:3      | Reached skill level 1 in Fire Magic
  1741 | D:3      | Reached skill level 1 in Ice Magic
  1741 | D:3      | Reached skill level 1 in Air Magic
  1741 | D:3      | Reached skill level 1 in Earth Magic
  1741 | D:3      | Reached skill level 1 in Alchemy
  1766 | D:3      | Noticed Ijyb
  1772 | D:3      | Paralysed by Ijyb for 4 turns
  1787 | D:3      | Paralysed by Ijyb for 5 turns
  1810 | D:3      | Killed Ijyb
  2234 | D:3      | Reached skill level 4 in Long Blades
  2271 | D:3      | Found a runed translucent gate.
  2271 | D:3      | Found a runed translucent gate.
  2271 | D:3      | Found a runed translucent gate.
  2273 | D:3      | Noticed wanace's ghost (amateur GrFi)
  2641 | D:4      | Found a staircase to the Ecumenical Temple.
  2645 | Temple   | Entered the Ecumenical Temple
  2656 | Temple   | Became a worshipper of the Wu Jian Council
  2783 | D:4      | Reached XP level 6. HP: 45/45 MP: 0/0
  3245 | D:4      | Reached * piety under Wu Jian
  3299 | D:4      | Noticed a water moccasin
  3319 | D:4      | Killed a water moccasin
  3320 | D:4      | Reached skill level 5 in Long Blades
  3320 | D:4      | Reached XP level 7. HP: 33/50 MP: 0/0
  3320 | D:4      | Learned a level 2 spell: Momentum Strike
  3760 | D:4      | Noticed Robin
  3772 | D:4      | Killed Robin
  3991 | D:5      | Entered Level 5 of the Dungeon
  4188 | D:5      | Reached skill level 6 in Long Blades
  4195 | D:5      | Reached XP level 8. HP: 54/56 MP: 0/0
  5112 | D:6      | Reached ** piety under Wu Jian
  5351 | D:6      | Reached skill level 7 in Long Blades
  5434 | D:6      | Mangled by an orc warrior

Illustrated notes

Levels and vault maps discovered:
D:1:      psy_arrival_conway, layout_basic, ebering_ecumenical_altar_webs,
          serial_shops, nicolae_shop_window_shopping, minivault_25
D:2:      layout_loops_ring
D:3:      layout_rooms, ebering_ghost_rock_garden, serial_curves,
          eino_curves_04, eino_curves_04, uniq_ijyb
D:4:      kennysheep_goblin_castle, layout_basic, temple_statues,
          minmay_quadrilaterals
D:5:      layout_gridville
D:6:      layout_cave_pools, ebering_ghost_gozag, serial_column_ruins,
          column_ruins_temple_circle, column_ruins_hut, column_ruins_grid_1,
          column_ruins_open_small, column_ruins_corridor_straight,
          column_ruins_corridor_straight, chequers_serial_rivers_room_b,
          nicolae_zig_zag_zippers
Temple:   hellmonk_temple_of_storms

Skill      XL: |  1  2  3  4  5  6  7  8 |
---------------+-------------------------+-----
Long Blades    | 3 4 5 6 7 |  7.1
Armour         | 1 2 |  2.5
Spellcasting   | 1 2 |  2.3
Conjurations   | 1 2 |  2.3
Hexes          | 1 2 |  2.3
Summonings     | 1 2 |  2.3
Necromancy     | 1 2 |  2.3
Translocations | 1 2 |  2.3
Fire Magic     | 1 2 |  2.3
Ice Magic      | 1 2 |  2.3
Air Magic      | 1 2 |  2.3
Earth Magic    | 1 2 |  2.3
Alchemy        | 1 2 |  2.3
Dodging        | 4 |  4.7
Fighting       | 3 |  3.7
Throwing       | |  1.6
Stealth        | |  0.8

Action                     |  1- 3 |  4- 6 |  7- 9 || total
---------------------------+-------+-------+-------++-------
  Melee: Long sword        |   103 |   226 |   208 ||   537
  Throw: Javelin           |       |     1 |       ||     1
         Throwing net      |       |     2 |       ||     2
   Cast: Summon Small Mamm |       |     7 |     8 ||    15
         Blink             |       |     1 |       ||     1
         Momentum Strike   |       |       |     3 ||     3
Ability: Lunge             |       |     8 |    19 ||    27
         Whirlwind         |       |       |     4 ||     4
    Use: Scroll            |     4 |     6 |     5 ||    15
         Potion            |       |     1 |     1 ||     2
   Stab: Sleeping          |     1 |       |       ||     1
 Armour: Leather armour    |    64 |   172 |    98 ||   334
         Robe              |       |       |    29 ||    29
  Dodge: Dodged            |    89 |   201 |   137 ||   427
